[Event "*** Titled Tuesday Blitz"]
[Site "Chess.com"]
[Date "2020.12.29"]
[Round "6"]
[White "Leonid_Starozhilov"]
[Black "TokChess"]
[Result "1-0"]
[WhiteElo "2635"]
[BlackElo "2469"]
[TimeControl "180+1"]
[EndTime "11:06:56 PST"]
[Termination "Leonid_Starozhilov won on time"]

1. c4 Nf6 2. Nc3 c6 3. Nf3 d6 4. g3 Nbd7 5. Bg2 e5 6. O-O Be7 7. Rb1 O-O 8. b4 Re8 9. b5 Qc7 10. d3 Nc5 11. Ba3 Ne6 12. Nd2 Bd7 13. bxc6 bxc6 14.
Qa4 Reb8 15. e3 Ne8 16. Rxb8 Rxb8 17. Rb1 Rxb1+ 18. Ndxb1 Bd8 19. Nd2 f5 20. Qb3 Qb6 21. Na4 Qxb3 22. axb3 c5 23. Nb1 Ba5 24. Kf1 N8c7 25.
Ke2 Kf8 26. Nbc3 Ke7 27. f4 exf4 28. gxf4 g6 29. Nd5+ Nxd5 30. Bxd5 Nc7 31. Bf3 Ne6 32. Bb2 Nd8 33. Nc3 Bxc3 34. Bxc3 Bc6 35. e4 Ne6 36. Ke3 Kd7 37. Bf6 a6 38. h4 Nc7 39. exf5 gxf5 40. Bh5 Ke6 41. Bc3 Be8 42. Bf3 Bd7 43. b4 Ne8 44. d4 cxd4+ 45. Bxd4 Nf6 46. Bb7 Ng4+ 47. Kd2 Nh2 48. Bxa6 Nf3+ 49. Kc3 Nxh4 50. b5 Ng2 51. b6 Bc6 52. Bb5 1-0

[Event "*** Titled Tuesday Blitz"]
[Site "Chess.com"]
[Date "2020.12.29"]
[Round "6"]
[White "Blitzking642"]
[Black "MuhittinBuker"]
[Result "1-0"]
[WhiteElo "2298"]
[BlackElo "2112"]
[TimeControl "180+1"]
[EndTime "11:06:56 PST"]
[Termination "Blitzking642 won on time"]

1. e4 e5 2. Nf3 Nc6 3. Bc4 Nf6 4. d3 Bc5 5. c3 a6 6. O-O d6 7. Bb3 h6 8. Re1 O-O 9. Nbd2 Be6 10. Nf1 Bxb3 11.
Qxb3 Rb8 12. Ng3 Ng4 13. Re2 Kh7 14. h3 Nf6 15. Nf5 Ng8 16. d4 Bb6 17. Be3 g6 18. Ng3 Nf6 19. Rd1 Qe7 20. dxe5 dxe5 21. Bxb6 cxb6 22.
Qxb6 Rfd8 23. Red2 Rxd2 24. Rxd2 Kg7 25. b4 h5 26. Qe3 Rd8 27. Rxd8 Qxd8 28. Qd2 Qxd2 29. Nxd2 h4 30. Ngf1 Kf8 31. Ne3 Ke7 32. Kf1 Ke6 33.
Ke2 Nh5 34. Nf3 Nf4+ 35. Kd2 f6 36. Nxh4 Ne7 37. Nf3 f5 38. Ng5+ Kf6 39. h4 Ne6 40.
Nxe6 Kxe6 41. f3 f4 42. Nc4 Nc6 43. a4 Nb8 44. a5 Nd7 45. Ke2 Nf6 46. Kf2 Nh5 47.
Nb6 Ng3 48. Nd5 Nh1+ 49. Ke1 Ng3 50. c4 Nh5 51. b5 axb5 52. cxb5 Kd6 53. a6 bxa6 54.
bxa6 Kc6 55. Ne7+ Kb6 56. Nxg6 Kxa6 57. Nxe5 Kb6 58. Kd2 Kc5 59. Kd3 Kd6 60. Kd4 Ke6 61. Nd3 1-0

[Event "*** Titled Tuesday Blitz"]
[Site "Chess.com"]
[Date "2020.12.29"]
[Round "6"]
[White "Supernotar"]
[Black "Natalya_Buksa"]
[Result "1-0"]
[WhiteElo "2851"]
[BlackElo "2540"]
[TimeControl "180+1"]
[EndTime "11:06:59 PST"]
[Termination "Supernotar won by resignation"]

1. d4 d5 2. c4 e6 3. Nf3 Nf6 4. e3 a6 5. Nbd2 dxc4 6. Bxc4 b5 7. Be2 Bb7 8. a4 Be7 9. axb5 O-O 10. bxa6 Nxa6 11. O-O Nb4 12. Rxa8 Qxa8 13. b3 Rd8 14. Bb2 c5 15. Qa1 Bd5 16. Qxa8 Rxa8 17. Ra1 Rb8 18. Kf1 h6 19. dxc5 Bxc5 20. Rc1 Be7 21.
Nd4 Bd6 22. h3 Nd7 23. f3 Na2 24. Ra1 Bb4 25. Rxa2 Bxd2 26. e4 Bxb3 27. Nxb3 Rxb3 28. Bd1 Re3 29. Kf2 Nc5 30. Bd4 Nd3+ 31. Kg3 Re1 32. Rxd2 Nc1 33. Bf2 Rh1 34. Bc2 g5 35. Be3 Kg7 36.
Kf2 f5 37. exf5 exf5 38. Rd1 Rxd1 39. Bxd1 Nd3+ 40. Ke2 Nb4 41. Bb3 Nc6 42. Bd5 Ne7 43. Ba2 f4 44. Bd4+ Kg6 45. Bc5 Nc6 46. Bb1+ Kh5 47.
Be4 Ne5 48. Bd4 Nc4 49. Bd5 Nd6 50. Bc5 Nf5 51. Bf7+ Kh4 52. Bf2+ Ng3+ 53. Bxg3+ Kxg3 54. Kf1 Kh4 55. Kf2 h5 56. Be6 g4 57. hxg4 hxg4 58.
Bxg4 Kg5 59. g3 fxg3+ 60. Kxg3 Kf6 61. f4 1-0

[Event "*** Titled Tuesday Blitz"]
[Site "Chess.com"]
[Date "2020.12.29"]
[Round "6"]
[White "Snowflake"]
[Black "glebus008"]
[Result "0-1"]
[WhiteElo "2424"]
[BlackElo "2241"]
[TimeControl "180+1"]
[EndTime "11:06:59 PST"]
[Termination "glebus008 won on time"]

1. e4 e6 2. Nf3 d5 3. e5 c5 4. b4 b6 5. bxc5 bxc5 6. g3 Nc6 7. Bg2 Ba6 8. d3 Nge7 9. O-O Nf5 10. Re1 Be7 11.
Nbd2 O-O 12. h4 h6 13. h5 Ncd4 14. g4 Nh4 15. Nxh4 Bxh4 16. Nf3 Nxf3+ 17. Qxf3 Bg5 18. Qg3 Bxc1 19. Raxc1 Rb8 20. Rb1 Qa5 21. Rbc1 Rb2 22. g5 Kh7 23. Bh3 Rxc2 24. g6+ Kh8 25. Rf1 Rxc1 26.
Rxc1 c4 27. dxc4 Bxc4 28. gxf7 Qd2 29. Ra1 d4 30. Qg6 Qg5+ 31. Kh2 Qxe5+ 32. Kg1 Qg5+ 33. Kh2 Qf4+ 34. Kg1 Rxf7 35. Qg2 Bd5 36. Qg3 Qe4 37. Bg2 Qxg2+ 38. Qxg2 Bxg2 39. Kxg2 e5 40. Re1 Rf5 41. Rc1 Rxh5 42. Rc7 Rg5+ 43. Kf3 h5 44. Rxa7 h4 45. Ra8+ Kh7 46. Rc8 h3 47. Rc1 Kg6 48.
Rh1 Rh5 49. a4 Kf5 50. a5 Rh6 51. Kg3 g5 52. f3 Ra6 0-1

[Event "*** Titled Tuesday Blitz"]
[Site "Chess.com"]
[Date "2020.12.29"]
[Round "6"]
[White "zmeeed67"]
[Black "PawnEatingZombie"]
[Result "0-1"]
[WhiteElo "2379"]
[BlackElo "2252"]
[TimeControl "180+1"]
[EndTime "11:07:00 PST"]
[Termination "PawnEatingZombie won on time"]

1. e4 c6 2. d4 d5 3. e5 Bf5 4. Nf3 e6 5. Be2 Ne7 6. O-O Nc8 7. c3 Be7 8. Nbd2 O-O 9. a3 a5 10. b3 b5 11. Bb2 Nb6 12. Re1 N8d7 13. Nf1 a4 14. b4 Nc4 15. Bc1 h6 16. Ne3 Bh7 17. Nxc4 dxc4 18. Nd2 Nb6 19. Bf3 Nd5 20. Bb2 Qd7 21.
Be4 f5 22. exf6 Rxf6 23. Qc2 Bxe4 24. Nxe4 Rf7 25. Bc1 Raf8 26. Re2 Bd6 27. Bd2 Qc7 28. h3 Re7 29. Rae1 Rfe8 30. Nxd6 Qxd6 31. Qg6 Nf4 32.
Bxf4 Qxf4 33. Qe4 Qxe4 34. Rxe4 Kf7 35. f4 Kf6 36. g4 g6 37. Kg2 Rd8 38. Kf3 Rde8 39.
Re5 Rd8 40. Rc5 Rd6 41. Ree5 Kf7 42. h4 Kf6 43. Re4 Kf7 44. Rce5 Rd5 45. g5 Rxe5 46. Rxe5 hxg5 47. hxg5 Rd7 48. Rc5 Rd6 49. Ke4 Ke7 50. Ke5 Kd7 51. Ke4 Rd5 52. Rxd5+ cxd5+ 53. Ke5 Ke7 54.
f5 gxf5 55. g6 Kf8 0-1

[Event "*** Titled Tuesday Blitz"]
[Site "Chess.com"]
[Date "2020.12.29"]
[Round "6"]
[White "Skat2704"]
[Black "sokidze"]
[Result "1-0"]
[WhiteElo "2383"]
[BlackElo "2524"]
[TimeControl "180+1"]
[EndTime "11:07:02 PST"]
[Termination "Skat2704 won on time"]

1. d4 Nf6 2. c4 e6 3. Nf3 b6 4.
g3 c6 5. Bg2 Be7 6. O-O O-O 7.
Nc3 d5 8. Qc2 Ba6 9. cxd5 cxd5 10. Ne5 Nfd7 11. Nd3 Nc6 12. Qa4 Bb7 13. Bf4 a6 14. Ne5 Ndxe5 15. Bxe5 b5 16. Qd1 Qb6 17. e3 f6 18. Bf4 g5 19. Qg4 f5 20. Qh5 gxf4 21. gxf4 Qd8 22. Kh1 Qe8 23. Qh3 Kh8 24. Rg1 Qf7 25. Ne2 Rg8 26. Ng3 Rg4 27. Bf3 Rh4 28.
Qf1 Rg8 29. Rg2 Bf6 30. Rc1 Rh6 31. b3 Be7 32. Qe2 Bd6 33. Qd2 Ne7 34. a4 Ng6 35. Be2 Nh4 36. Rgg1 b4 37. a5 Qe7 38. Qe1 Rhg6 39.
Qf1 R6g7 40. Bxa6 Bxa6 41. Qxa6 Nf3 42. Rg2 Nd2 43. Qd3 Ne4 44. a6 Qh4 45. Kg1 Nxg3 46. fxg3 Qe7 47. Ra1 Qa7 48. Rga2 Rc7 49. Qb5 Rb8 50.
Qd3 Rbc8 51. Qe2 Qb6 52. a7 Qb7 53. a8=Q Rxa8 54. Rxa8+ Kg7 55. Qa6 Qxa6 56. R8xa6 1-0

[Event "*** Titled Tuesday Blitz"]
[Site "Chess.com"]
[Date "2020.12.29"]
[Round "6"]
[White "TregubovP"]
[Black "tjychess"]
[Result "0-1"]
[WhiteElo "2583"]
[BlackElo "2730"]
[TimeControl "180+1"]
[EndTime "11:07:03 PST"]
[Termination "tjychess won on time"]

1. e4 e5 2. Nf3 Nc6 3. Bb5 a6 4. Ba4 Nf6 5. d4 exd4 6. O-O Be7 7. e5 Ne4 8. Nxd4 O-O 9. Nf5 d5 10. Nxe7+ Nxe7 11. c3 c6 12. Bc2 Bf5 13. Be3 h6 14.
Qc1 Ng5 15. Na3 Ne6 16. Qd2 Qc7 17. Rae1 Rfe8 18. h3 Rad8 19. f4 c5 20. Bf2 d4 21.
Nc4 d3 22. Bd1 Bh7 23. Nd6 Rxd6 24. exd6 Qxd6 25. Bb3 b5 26. Bxe6 fxe6 27. b3 Nc6 28. c4 bxc4 29. bxc4 Nd4 30. Re5 Rd8 31. Rfe1 Bf5 32.
Kh2 Qc6 33. Qa5 Rd7 34. Qxc5 Qxc5 35. Rxc5 Ne2 36. Be3 d2 37. Rd1 Rd3 38. Bxd2 Nc3 39. Bxc3 Rxd1 40. Rc7 g5 41. fxg5 hxg5 42. Rg7+ Kf8 43.
Rxg5 Rc1 44. Rg3 Rc2 45. a3 Be4 46. h4 Kf7 47. Kh3 Bf5+ 48. Kh2 Rc1 49. h5 e5 50.
h6 Kf6 51. Rf3 Rd1 52. h7 Rd8 53. Re3 Kg6 0-1

[Event "*** Titled Tuesday Blitz"]
[Site "Chess.com"]
[Date "2020.12.29"]
[Round "6"]
[White "Ave_Mariia"]
[Black "PavlovDanila"]
[Result "0-1"]
[WhiteElo "2494"]
[BlackElo "2681"]
[TimeControl "180+1"]
[EndTime "11:07:03 PST"]
[Termination "PavlovDanila won by checkmate"]

1. d4 Nf6 2. c4 g6 3. Nc3 Bg7 4. e4 d6 5. Be2 O-O 6. Be3 e5 7. d5 c6 8. Nf3 cxd5 9. cxd5 Ng4 10. Bg5 f6 11. Bh4 g5 12. Bg3 f5 13. exf5 Bxf5 14.
h4 gxh4 15. Nxh4 Nh6 16. Nxf5 Nxf5 17. Qd3 Na6 18. Qf3 Qg5 19. Ne4 Qg6 20. Qh5 Qxh5 21. Rxh5 Nc5 22. Nxc5 dxc5 23. O-O-O Nd4 24. Bd3 h6 25.
Bxe5 Bxe5 26. Rxe5 Rxf2 27. d6 b6 28. Bc4+ Kf8 29. Rde1 Rd8 30. Rd5 Rc2+ 31. Kb1 Rxc4 32. d7 Nc6 33. Rf5+ Kg7 34. Rd5 Rd4 35. Rd1 Rxd1+ 36. Rxd1 Kf7 37. Rd6 Ne7 38. Rxh6 Rxd7 39. g4 Rd2 40. g5 Rg2 41. Rh7+ Ke6 42. Rg7 a5 43. g6 Rxg6 44. Rh7 Kd6 45. a4 Nd5 46. Ka2 Nb4+ 47. Ka3 Kc6 48. Ra7 Rg3+ 49. b3 Nc2+ 50. Kb2 Nd4 51. Rg7 Rxb3+ 52. Ka2 Rb4 53. Ka3 c4 54. Rg6+ Kb7 55. Rg7+ Ka6 56. Rd7 c3 57.
Rd8 Nc2+ 58. Ka2 Rb2# 0-1

[Event "*** Titled Tuesday Blitz"]
[Site "Chess.com"]
[Date "2020.12.29"]
[Round "6"]
[White "Stormeman100100"]
[Black "andrewtnb"]
[Result "1-0"]
[WhiteElo "2514"]
[BlackElo "2349"]
[TimeControl "180+1"]
[EndTime "11:07:04 PST"]
[Termination "Stormeman100100 won on time"]

1. e4 c6 2. d4 d5 3. Nc3 dxe4 4.
Nxe4 Nd7 5. Qe2 Ndf6 6. Nf3 Nxe4 7. Qxe4 Nf6 8. Qh4 Bf5 9. c3 e6 10. Ne5 Nd7 11. Qg3 Nxe5 12. dxe5 Qd5 13. Be2 Qe4 14. Be3 Qc2 15. Bf3 Qxb2 16. O-O Bg6 17. Rad1 Be7 18.
h4 h5 19. Bg5 Qa3 20. Bxe7 Qxe7 21. Rd6 Rd8 22. Rfd1 Rxd6 23. exd6 Qd7 24. Qg5 Rh6 25.
Qe3 a6 26. Qa7 f6 27. Qb8+ Kf7 28. Qc7 Ke8 29. Qb8+ Kf7 30. c4 Bf5 31. c5 e5 32.
Rd2 e4 33. Rb2 exf3 34. Rxb7 Rg6 35. Rxd7+ Bxd7 36. Qc7 Rxg2+ 37. Kf1 Ke6 38. Qd8 Rh2 39. Qe7+ Kd5 40. Ke1 Bf5 41. d7 Rh1+ 42. Kd2 Bxd7 43.
Qxd7+ Kxc5 44. Qxg7 Rxh4 45. Qxf6 Rd4+ 46. Ke3 Rd5 47. Qxf3 Kb5 48. Qe2+ Kb6 49. f4 a5 50. Ke4 Rb5 51. f5 Rb4+ 52. Ke5 Rb5+ 53. Ke6 Rb4 54. f6 Rf4 55. f7 c5 56. Ke7 Kc6 57.
f8=Q Rxf8 58. Kxf8 1-0

[Event "*** Titled Tuesday Blitz"]
[Site "Chess.com"]
[Date "2020.12.29"]
[Round "6"]
[White "KarstenHansch"]
[Black "Trickov"]
[Result "0-1"]
[WhiteElo "2444"]
[BlackElo "2334"]
[TimeControl "180+1"]
[EndTime "11:07:04 PST"]
[Termination "Trickov won by resignation"]

1. e4 c5 2. Nf3 d6 3. Bb5+ Nd7 4. c3 a6 5. Ba4 Nf6 6. Qe2 b5 7. Bc2 e5 8. O-O Bb7 9. d4 Be7 10.
Nbd2 O-O 11. a4 Qb6 12. a5 Qc7 13. d5 c4 14. Nh4 g6 15. Ndf3 Nc5 16. Bh6 Rfe8 17.
Ng5 Qd8 18. Qf3 Bf8 19. Bxf8 Rxf8 20. Qg3 Nh5 21. Qg4 Bc8 22. Nf5 Kh8 23. Qh4 Bxf5 24. exf5 h6 25. g4 Qxg5 26. Qxg5 hxg5 27. gxh5 gxh5 28.
f3 Kg7 29. Kf2 Kf6 30. Rg1 Rh8 31. Ke3 h4 32. h3 Rhg8 33. Rg4 Ke7 34. Rag1 f6 35.
Ra1 Rh8 36. Bd1 Rhc8 37. Be2 Nd7 38. Rc1 Nc5 39. Ra1 Nb3 40. Ra3 Rc5 41. Bd1 Nc1 42. Bc2 Rxd5 43. Be4 Rd3+ 44. Bxd3 Nxd3 45. b3 Nf4 46. bxc4 bxc4 47. Ra4 Rc8 48. Rb4 Nd5+ 49. Kd2 Nxb4 50. cxb4 d5 51. Kc3 d4+ 52. Kc2 Kd6 53. Rg1 Kc6 54. Rb1 Kb5 55. Kd2 Re8 56. Kc2 e4 57.
Re1 e3 58. Rh1 d3+ 59. Kc3 e2 60. Re1 Re3 61. Kd2 Rxf3 0-1

[Event "*** Titled Tuesday Blitz"]
[Site "Chess.com"]
[Date "2020.12.29"]
[Round "6"]
[White "TigrVShlyape"]
[Black "vladimirdamjanovic"]
[Result "1/2-1/2"]
[WhiteElo "2868"]
[BlackElo "2415"]
[TimeControl "180+1"]
[EndTime "11:07:05 PST"]
[Termination "Game drawn by repetition"]

1. e4 c6 2. d4 d5 3. exd5 cxd5 4. Bd3 Nc6 5. c3 Nf6 6. Bf4 Bg4 7. Nf3 e6 8. Nbd2 Bd6 9. Bxd6 Qxd6 10. O-O O-O 11. Re1 Bh5 12. a4 Nd7 13. Qb3 Na5 14. Qa3 Qxa3 15.
Rxa3 Rfc8 16. Ne5 Nxe5 17. Rxe5 Bg6 18. Bf1 Rc7 19. Re3 Rac8 20. h4 h6 21. Be2 Kf8 22.
g3 Bf5 23. g4 Bc2 24. f4 Ke7 25. Ra1 Nb3 26. Nxb3 Bxb3 27. Bd3 a5 28. Kf2 Kd6 29. Kg3 Re7 30. Ra3 Bc4 31. Bc2 g6 32. Ra1 Rb8 33.
Rh1 b5 34. b3 Bxb3 35. Bxb3 bxa4 36. Bxa4 Rb2 37. h5 gxh5 38. Rxh5 Ra2 39. Bb5 Rb7 40. c4 dxc4 41. Bxc4 Rc2 42. Bd3 Rc3 43. Rc5 Rxc5 44. dxc5+ Kxc5 45. Re5+ Kd4 46. Be2 Ra7 47. Kf3 a4 48.
Re4+ Kc3 49. Re3+ Kb2 50. Bc4 a3 51. Rb3+ Kc2 52. Re3 a2 53. Re2+ Kb1 54. Re1+ Kb2 55. Re2+ Kb1 56. Re1+ Kb2 57. Re2+ Kb1 1/2-1/2

[Event "*** Titled Tuesday Blitz"]
[Site "Chess.com"]
[Date "2020.12.29"]
[Round "6"]
[White "tlomigtlis"]
[Black "eCztery"]
[Result "1-0"]
[WhiteElo "2537"]
[BlackElo "2362"]
[TimeControl "180+1"]
[EndTime "11:07:05 PST"]
[Termination "tlomigtlis won by checkmate"]

1. d4 Nf6 2. c4 e6 3. Nc3 Bb4 4. Qc2 d5 5. cxd5 exd5 6. Bg5 Nbd7 7. Nf3 c5 8. e3 Qa5 9. Bd3 c4 10. Bf5 O-O 11. O-O Bxc3 12. bxc3 Re8 13. Nd2 g6 14.
Bh3 Kg7 15. Rfe1 h6 16. Bxd7 Bxd7 17. Bf4 b5 18. Be5 Re6 19. e4 Bc6 20. f3 Qd8 21.
Nf1 Kh7 22. Ng3 Nd7 23. Bf4 Qe8 24. e5 f5 25. h4 Qf7 26. h5 Rf8 27. hxg6+ Qxg6 28. Kf2 Qg7 29. Rh1 Rg6 30. Rh5 Kg8 31. Rxf5 Rxf5 32. Qxf5 Nf8 33. Rh1 Bd7 34. Qb1 Ne6 35. Qc1 Qf8 36. Rh4 Nxf4 37. Rxf4 Qg7 38. Nh5 Rxg2+ 39.
Ke3 Qg6 40. Nf6+ Kh8 41. Qd1 Rg1 42. Qe2 Qg3 43. Nxd7 Re1 44. Rf8+ Kg7 45. e6 Rxe2+ 46. Kxe2 Qh2+ 47. Ke3 Qh3 48. Rf7+ Kh8 49. Nf8 Kg8 50.
Ng6 Qg3 51. Ne5 Qe1+ 52. Kf4 Qh4+ 53. Ng4 Qg5+ 54. Kg3 h5 55. Rf5 Qxf5 56. Nh6+ Kf8 57. Nxf5 b4 58. cxb4 c3 59. Ne3 c2 60. Nxc2 Ke7 61. Ne3 Kxe6 62. Kh4 a5 63. bxa5 Kd6 64. Kxh5 Kc6 65. f4 Kb5 66. Nxd5 Kxa5 67. f5 Kb5 68. f6 Kc6 69. f7 Kd7 70. f8=Q Ke6 71. Qe7+ Kf5 72. Qe5# 1-0

[Event "*** Titled Tuesday Blitz"]
[Site "Chess.com"]
[Date "2020.12.29"]
[Round "6"]
[White "Nils_03"]
[Black "Rytenko_V"]
[Result "1/2-1/2"]
[WhiteElo "2252"]
[BlackElo "2422"]
[TimeControl "180+1"]
[EndTime "11:07:06 PST"]
[Termination "Game drawn by agreement"]

1. d4 d5 2. c4 c6 3. cxd5 cxd5 4. Bg5 Nc6 5. Nf3 h6 6. Bh4 Qb6 7. Qd2 Nf6 8. Bxf6 gxf6 9. Nc3 e6 10. e3 Bd6 11.
Bd3 Bd7 12. O-O Nb4 13. Be2 a6 14. a3 Nc6 15. b4 Rc8 16. e4 dxe4 17. Nxe4 Be7 18.
d5 exd5 19. Qxd5 Be6 20. Qh5 Nd4 21. Nxd4 Qxd4 22. Bf3 Qe5 23. Rac1 Qxh5 24. Bxh5 O-O 25. h3 f5 26. Ng3 Bf6 27. Bf3 b6 28. a4 a5 29.
bxa5 bxa5 30. Bc6 Be5 31. Bb5 Rfd8 32. Rfe1 Bc3 33. Re3 Bd2 34. Rxc8 Rxc8 35. Rd3 Bb4 36. Bd7 Rd8 37. Bb5 Rc8 38. Bd7 Rc2 39. Nxf5 Bxf5 40.
Bxf5 Rc1+ 41. Kh2 Kg7 42. Rg3+ Kf6 43. Bd7 Rc7 44. Rf3+ Ke7 45. Bb5 Rc5 46. g3 Rc2 47. Kg2 Bc5 48. Rf4 f6 49. Re4+ Kf8 50. Rc4 Rxc4 51.
Bxc4 Ke7 52. f4 Kf8 53. Kf3 Kg7 54. Ke4 Bb4 55. Kf5 Be1 56. g4 Bd2 57. h4 Be1 58. g5 hxg5 59. hxg5 fxg5 60. fxg5 Bc3 61. g6 Bb4 1/2-1/2

[Event "*** Titled Tuesday Blitz"]
[Site "Chess.com"]
[Date "2020.12.29"]
[Round "6"]
[White "AlleyOoper"]
[Black "StockholmMissile"]
[Result "1-0"]
[WhiteElo "2614"]
[BlackElo "2422"]
[TimeControl "180+1"]
[EndTime "11:07:08 PST"]
[Termination "AlleyOoper won on time"]

1. d4 Nf6 2. Nc3 d5 3. Bf4 a6 4.
e3 c5 5. dxc5 Nc6 6. Nf3 Bg4 7.
Be2 e6 8. Na4 Bxc5 9. Nxc5 Qa5+ 10. c3 Qxc5 11. O-O O-O 12. Rc1 Qb6 13. Qb3 Qxb3 14.
axb3 Rac8 15. b4 Rfd8 16. h3 Bf5 17. Nd4 Nxd4 18. exd4 Ne4 19. Ra1 Nd6 20. Bxd6 Rxd6 21. Ra5 g5 22. Rc5 Rdc6 23. Ra1 Kf8 24. Raa5 Ke7 25. Rxc6 Rxc6 26. Rc5 Kd6 27. g3 Rc7 28.
Rxc7 Kxc7 29. Kg2 Be4+ 30. Kh2 Kd6 31. f4 gxf4 32. gxf4 Ke7 33. Kg3 Bc2 34. Bf3 Bd3 35. Bd1 Kf6 36. Ba4 Ke7 37. Kg4 Bf1 38. h4 Kf6 39. Bd7 Be2+ 40. Kg3 Kf5 41. Bc8 b6 42. Bd7 Ke4 43. Be8 Bh5 44. Bd7 Be2 45. Be8 Bh5 46. Bc6 Be2 47. Bb7 Bd3 48. Kg4 f6 49. Bc8 Be2+ 50.
Kg3 Kf5 51. Kf2 Bd3 52. Ke3 Bb5 53. Kf3 Bc4 54. b3 Bb5 55. Ke3 Bf1 56. Bb7 Bb5 57. Bc8 Bf1 58. Bd7 Bg2 59. Bc6 Bf1 60. Bb7 Bg2 61. c4 1-0

[Event "*** Titled Tuesday Blitz"]
[Site "Chess.com"]
[Date "2020.12.29"]
[Round "6"]
[White "beto-betun"]
[Black "theturtlemoves"]
[Result "0-1"]
[WhiteElo "2184"]
[BlackElo "2359"]
[TimeControl "180+1"]
[EndTime "11:07:08 PST"]
[Termination "theturtlemoves won by resignation"]

1. d4 d5 2. Nf3 e6 3. g3 b6 4. Bg2 Bb7 5. O-O Nf6 6. c4 dxc4 7. Nbd2 c5 8. Nxc4 cxd4 9. Nxd4 Bxg2 10. Qa4+ Qd7 11. Qxd7+ Nbxd7 12. Kxg2 Rc8 13. b3 a6 14. Rd1 Bc5 15. Bf4 Nd5 16. Nd6+ Bxd6 17. Bxd6 h5 18. Rac1 Kd8 19. Nc6+ Rxc6 20. Rxc6 h4 21.
e4 N5f6 22. Be5 h3+ 23. Kf1 Nxe4 24. Bxg7 Rh5 25. Bb2 Nc5 26. Rcd6 Kc7 27. b4 Na4 28. Rxd7+ Kc6 29. Bf6 Kb5 30. R7d4 Rf5 31. Be7 Rf3 32. R1d2 Rc3 33. Ke2 Rc1 34. Kf3 Rh1 35. Kg4 Rxh2 36. f4 Rh1 37. Kg5 Nc3 38. Kf6 Nb1 39. Rc2 Na3 40.
Re2 Nc4 41. Re5+ Nxe5 42. fxe5 Rf1+ 43. Kg7 h2 44. Bf6 h1=Q 45. Kxf7 Qc6 46. Rd6 Qc7+ 47. Kxe6 Rxf6+ 48. Kxf6 Kxb4 49. Rd4+ Kc3 50. Rf4 Qd8+ 51.
Kf5 Qe7 52. Ke4 b5 53. Rf3+ Kd2 54. Rd3+ Kc2 55. Rf3 b4 56. Rd3 Kb1 57. Rd2 Kc1 58. Re2 a5 59. Re3 a4 60. Re1+ Kd2 61. Re3 Kc2 62. Kf3 b3 63. Re2+ Kd3 64. axb3 axb3 65. Re3+ Kc4 66. Re4+ Kb5 67. Re3 b2 68. Rb3+ Kc4 69.
Rxb2 Qxe5 70. Rc2+ Kd3 71. Re2 Qxe2+ 72. Kf4 Qe4+ 73.
Kg5 Ke3 74. g4 Kf3 75. Kh5 Qxg4+ 76. Kh6 Kf4 0-1

[Event "*** Titled Tuesday Blitz"]
[Site "Chess.com"]
[Date "2020.12.29"]
[Round "6"]
[White "guillembaches"]
[Black "CSB7"]
[Result "1/2-1/2"]
[WhiteElo "2470"]
[BlackElo "2628"]
[TimeControl "180+1"]
[EndTime "11:07:09 PST"]
[Termination "Game drawn by agreement"]

1. e4 e6 2. d4 d5 3. exd5 exd5 4. Nf3 Nf6 5. Bd3 Bd6 6. O-O O-O 7. h3 h6 8. c4 dxc4 9. Bxc4 Nc6 10. Nc3 Bf5 11. Re1 Nb4 12. Re2 c6 13. Ne5 Qc7 14. a3 Nbd5 15.
Qb3 Nb6 16. Bd2 Nxc4 17. Qxc4 Rad8 18. Rae1 Rfe8 19. Bf4 Be6 20. Qd3 Nd5 21. Bd2 Nxc3 22. Bxc3 Bd5 23. Nc4 Rxe2 24. Rxe2 Bf8 25. Ne5 Re8 26. Re3 f6 27. Ng6 Qf7 28. Nxf8 Kxf8 29. Qh7 Rxe3 30. fxe3 Qe6 31. Kf2 Kf7 32. Qd3 Be4 33.
Qd2 Qf5+ 34. Kg1 Bd5 35. Qf2 Qe4 36. Kh2 h5 37. h4 a6 38. Kg3 Qg4+ 39. Kh2 Qe4 40. Kg3 Kg8 41. Kh2 Kh7 42. Qg3 b5 43. Bb4 Qg4 44. Qxg4 hxg4 45. Kg3 Kg6 46. Kf4 Bxg2 47.
Kxg4 Bd5 48. Kg3 Kf5 49. Bf8 g6 50. Bd6 Ke4 51. Kf2 Kd3 52. Bb4 Kc2 53. Bc3 Kb3 54.
Ke2 a5 55. Bxa5 Kxb2 56. Bb4 f5 57. Bc5 Kb3 58. Kf2 1/2-1/2

[Event "*** Titled Tuesday Blitz"]
[Site "Chess.com"]
[Date "2020.12.29"]
[Round "6"]
[White "Harry_Rakkel"]
[Black "No_t_ime_to_die"]
[Result "0-1"]
[WhiteElo "2629"]
[BlackElo "2488"]
[TimeControl "180+1"]
[EndTime "11:07:12 PST"]
[Termination "No_t_ime_to_die won on time"]

1. d4 Nf6 2. c4 e6 3. Nc3 Bb4 4. Nf3 d5 5. Qb3 c5 6. dxc5 Bxc5 7. cxd5 exd5 8. Bg5 O-O 9. e3 Nc6 10. Be2 Be6 11. Qa4 Qb6 12. Bxf6 gxf6 13. Qb5 d4 14.
exd4 Nxd4 15. Nxd4 Bxd4 16. O-O Bxc3 17. bxc3 Qxb5 18.
Bxb5 Rac8 19. Rfc1 Rc5 20. Bf1 Rfc8 21. Rcb1 b6 22. a4 Rxc3 23. a5 bxa5 24. Rxa5 Rc1 25. Rba1 Rxa1 26. Rxa1 Rc7 27. f3 Kf8 28. Kf2 Ke7 29.
Bd3 h6 30. Kg3 Rd7 31. Bb5 Rb7 32. Bd3 Kd6 33. Kh4 Kc5 34. Kh5 Kb4 35. Kxh6 a5 36. h4 a4 37. h5 a3 38. Kg7 a2 39.
h6 Kb3 40. Bb1 Kb2 41. Rxa2+ Kxb1 42. Ra8 Bf5 43. Kxf6 Bg6 44. f4 Rb4 45. f5 Rf4 46.
Ra5 Kc2 47. Kg5 Rf2 48. fxg6 Rxg2+ 49. Kh4 Rh2+ 50. Kg5 Rg2+ 51. Kf4 fxg6 52. h7 Rh2 53. Ra7 Kd3 54. Kg5 Ke4 55. Kxg6 Ke5 56. Kg7 Rg2+ 57.
Kf8 Rf2+ 58. Rf7 Rh2 59. Kg8 Ke6 60. Rg7 Ra2 61. Rg6+ Kf5 0-1

[Event "*** Titled Tuesday Blitz"]
[Site "Chess.com"]
[Date "2020.12.29"]
[Round "6"]
[White "Keks2017"]
[Black "Lady_Nika"]
[Result "0-1"]
[WhiteElo "2549"]
[BlackElo "2330"]
[TimeControl "180+1"]
[EndTime "11:07:12 PST"]
[Termination "Lady_Nika won on time"]

1. g3 d5 2. Bg2 e6 3. Nf3 f5 4.
O-O Nf6 5. d3 Be7 6. c4 O-O 7.
Nc3 c6 8. cxd5 exd5 9. e4 fxe4 10. dxe4 dxe4 11. Qb3+ Nd5 12. Nxe4 Na6 13. Be3 Nc7 14. Rad1 Kh8 15. Bd4 Qe8 16. Nc5 b6 17. Nd3 Bg4 18. Nde5 Bxf3 19. Nxf3 c5 20. Be5 Rd8 21. Nd2 Bf6 22.
Bxf6 Nxf6 23. Nc4 Qh5 24. Nd6 h6 25. h3 Kh7 26. Rfe1 Rd7 27. Ne4 Rxd1 28. Qxd1 Qxd1 29. Rxd1 Rf7 30. Nxf6+ gxf6 31. h4 f5 32. h5 Ne8 33.
Bf3 Re7 34. Kg2 Nf6 35. Rd6 Kg7 36. a3 Kf7 37. Rc6 Kg7 38. b4 cxb4 39. axb4 Kf7 40. Bd1 Kg7 41. Bc2 Nxh5 42. Bxf5 Nf6 43. Bd3 Rd7 44. Bf1 Re7 45. b5 Nd5 46. Bc4 Nb4 47.
Rd6 Rc7 48. Be2 Nc2 49. g4 Re7 50. Bf1 Ne1+ 51. Kg3 Nc2 52. Bd3 Nb4 53. Bf5 Rf7 54. Kh4 Rf6 55. Rd7+ Rf7 56. Rd4 Na2 57. Kh5 Nc3 58.
Rd6 Nxb5 59. Rg6+ Kf8 60. Rxh6 Nd4 61. Rh8+ Ke7 62. Ra8 Nxf5 63. Rxa7+ Kf6 64. Ra6 Ng7+ 0-1

[Event "*** Titled Tuesday Blitz"]
[Site "Chess.com"]
[Date "2020.12.29"]
[Round "6"]
[White "Chessmatus"]
[Black "MomchilPetkov"]
[Result "1-0"]
[WhiteElo "2460"]
[BlackElo "2709"]
[TimeControl "180+1"]
[EndTime "11:07:12 PST"]
[Termination "Chessmatus won by checkmate"]

1. e4 g6 2. d4 Bg7 3. Nc3 a6 4.
a4 d6 5. Bg5 Nf6 6. Nf3 O-O 7.
Bd3 h6 8. Bh4 Nc6 9. O-O Nh5 10.
Bc4 Bg4 11. d5 Nd4 12. Be2 Nxe2+ 13. Qxe2 Nf4 14. Qe3 g5 15. Bg3 e5 16. dxe6 fxe6 17. Nd2 a5 18. f3 Bh5 19. Nc4 Bxc3 20. bxc3 e5 21. Rab1 b6 22. Qd2 Bf7 23. Ne3 Be6 24.
c4 Qe8 25. Nd5 Bxd5 26. cxd5 Qxa4 27. h4 Kg7 28. Bf2 Qd7 29. g3 Nh3+ 30. Kg2 Nxf2 31. Rxf2 gxh4 32. Rh1 Rf6 33. Rxh4 Raf8 34. Rf1 Rg6 35.
Rfh1 Rff6 36. g4 Qe7 37. Kf2 Rf4 38. Qe3 Qf8 39. Ke2 Kg8 40. Rh5 Rgf6 41. R1h3 Rg6 42. Rf5 Rf6 43. Rhh5 R6xf5 44. Rxf5 Rxf5 45. exf5 Qf6 46. c4 Qh4 47. Qb3 Qh2+ 48. Kf1 Qh1+ 49. Kf2 Qa1 50.
Qb5 Qd4+ 51. Kg2 Qd2+ 52. Kh3 Qg5 53. Qe8+ Kh7 54. Qe7+ Qg7 55. f6 Qxe7 56. fxe7 e4 57. e8=Q exf3 58. Qf7+ Kh8 59. Qxf3 a4 60. Qf7 a3 61.
Qxc7 a2 62. Qa7 a1=Q 63. Qxa1+ Kh7 64. Qa7+ Kg6 65. Qd7 Kg5 66. Qf5# 1-0